 Dungeon Sprint DCSS version 0.30.0-19-g36f170ea60 (webtiles) character file.

Game seed: 5043777215102807493

11119 Groucho the Unseen (level 11, -10/47 HPs)
             Began as a Spriggan Enchanter on May 26, 2023.
             Was the Champion of Dithmenos.
             Mangled by a death yak (26 damage)
             ... in the Dungeon (Sprint III: "The Ten Rune Challenge").
             The game lasted 00:13:49 (2540 turns).

Groucho the Unseen (Spriggan Enchanter)             Turns: 2540, Time: 00:13:49

Health: -10/47     AC:  2    Str:  4    XL:     11   Next: 45%
Magic:  11/31      EV: 28    Int: 17    God:    Dithmenos [******]
Gold:   26         SH:  0    Dex: 20    Spells: 29/40 levels left

rFire   . . .        l - +2 dagger (pain)
rCold   . . .        (no shield)
rNeg    . . .        b - +0 robe
rPois   .            (helmet restricted)
rElec   .            (no cloak)
rCorr   .            (gloves unavailable)
SInv    +            (boots unavailable)
Will    +....        (no amulet) Stlth ***+++++++
                     (no ring)
HPRegen 0.27/turn    (no ring)
MPRegen 0.22/turn

%: no teleportation
@: wreathed by umbra, very quick
A: very small, no large weapons, unfitting armour, see invisible, speed 3
a: Renounce Religion, Shadow Step, Shadow Form


You were in the Dungeon.
You worshipped Dithmenos.
Dithmenos was exalted by your worship.
You visited 1 branch You collected 26 gold pieces.

Inventory:

Hand Weapons
 a - a +1 dagger
 l - a +2 dagger of pain (weapon)
Missiles
 s - 6 curare-tipped darts (quivered)
Armour
 b - a +0 robe (worn)
Wands
 j - a wand of digging (7)
Scrolls
 i - a scroll of blinking
 m - a scroll of immolation {unknown}
 n - 2 scrolls of identify
 q - a scroll of poison {unknown}
 r - a scroll of enchant weapon {unknown}
Potions
 c - a potion of invisibility
 f - a potion of haste
 g - 2 potions of magic
 h - 2 potions of berserk rage
 k - 2 potions of might
 o - a potion of brilliance {unknown}
 p - 6 potions of mutation


   Skills:
 + Level 13.6 Short Blades
 + Level 12.9 Dodging
 - Level 17.5 Stealth
 + Level 15.0 Spellcasting
 - Level 14.0 Hexes
 * Level 12.7 Necromancy


You had 29 spell levels left.
You knew the following spells:

 Your Spells              Type           Power      Damage    Failure   Level
a - Ensorcelled Hibernat  Hex/Ice        72%        N/A       1%          2
b - Confusing Touch       Hex            57%        N/A       1%          3
c - Dazzling Flash        Conj/Hex       72%        N/A       1%          3
d - Tukima's Dance        Hex            57%        N/A       1%          3

Your spell library contained the following spells:

 Spells                   Type           Power      Damage    Failure   Level


Dungeon Overview and Level Annotations

Branches:
Dungeon (1/1)

Altars:
Cheibriados
Dithmenos
Elyvilon
Fedhas
Gozag
Hepliaklqana
Kikubaaqudgha
Makhleb
Nemelex Xobeh
Okawaru
Qazlal
Ru
Sif Muna
Trog
Uskayaw
Vehumet
Wu Jian
Xom
Yredelemnul
Zin
The Shining One
Jiyva
Lugonu

Annotations:
D Nellie


Innate Abilities, Weirdness & Mutations

You are very small and have problems with some larger weapons.
You are too small for most types of armour.
You have supernaturally acute eyesight. (SInv)
You cover ground extremely quickly. (Speed+++)


Message History

Aim: a death yak (umbra, chance to affect: 6%)
The death yak resists with almost no effort.
The death yak misses you.
Casting: Ensorcelled Hibernation (safe; 1% risk of failure)
Confirm with . or Enter, or press ? or * to list all spells.
Aiming: Ensorcelled Hibernation (safe; 1% risk of failure)
Press: ? - help, Shift-Dir - straight line, f/p - death yak
Aim: a death yak (umbra, chance to affect: 6%)
The death yak resists with almost no effort.
The death yak completely misses you.
Casting: Ensorcelled Hibernation (safe; 1% risk of failure)
Confirm with . or Enter, or press ? or * to list all spells.
Aiming: Ensorcelled Hibernation (safe; 1% risk of failure)
Press: ? - help, Shift-Dir - straight line, f/p - death yak
Aim: a death yak (umbra, chance to affect: 6%)
The death yak resists with almost no effort.
The death yak gores you!
You emit a cloud of dark smoke.
Casting: Ensorcelled Hibernation (safe; 1% risk of failure)
Confirm with . or Enter, or press ? or * to list all spells.
Your hands begin to glow red.
The death yak closely misses you.
Okay, then.
You hit the death yak but do no damage.
Your shadow hits the death yak but does no damage.
You hit the death yak but do no damage.
Your shadow barely misses the death yak.
The death yak closely misses you.
You hit the death yak but do no damage.
The death yak appears confused.
You hit the death yak but do no damage.
The death yak writhes in agony.
The death yak is lightly wounded.
Your shadow hits the death yak but does no damage.
The death yak closely misses something.
You hit the death yak but do no damage.
The death yak writhes in agony!
The death yak is lightly wounded.
Your shadow hits the death yak but does no damage.
You catch the helpless death yak completely off-guard!
You spit the death yak like a pig!!!
The death yak writhes in agony.
The death yak is almost dead.
The death yak gores you!!
Ouch! That really hurt!
You die...

#..# #.. ####....#___#__'..)#...
▓▓▓▓▓▓▓▓▓▓▓▓▓▓▓▓▓▓▓▓▓▓▓▓▓▓▓▓▓▓▓▓
+~~≈§.§§~≈♣♣§§...♣♣♣♣~~~....
#~~~≈§~§÷~♣♣.≈≈≈≈'♣♣'♣≈≈≈≈≈≈
#≈~≈§§§§§≈÷'....†#÷÷♣♣♣♣♣♣♣♣
#≈≈~§§§§≈≈♣♣♣♣♣♣♣#..♣
#~~§§§§.≈≈♣ ###+ #+####'#######♣
.........)..§§@♣♣
#+#############Y♣ #~P.§§§F.YY§§♣
+~~§§§######## J.#~~~§§F
J.#~~~~P.. # #########


You could see a death yak (confused).

Vanquished Creatures
  Rupert (D)
  Harold (D)
  Erolcha (D)
  2 death yaks (D)
  Joseph (D)
  A deep elf pyromancer (D)
  2 cane toads (D)
  A rime drake (D)
  A komodo dragon (D)
  3 wandering mushrooms (D)
  A queen bee (D)
  5 blink frogs (D)
  A shadow (D)
  2 redbacks (D)
  A spatial vortex (D)
  A swamp drake (D)
  5 two-headed ogres (D)
  A water elemental (D)
  A necrophage (D)
  32 killer bees (D)
  A jelly (D)
  A wizard (D)
  A necromancer (D)
  3 humans (D)
  A kobold demonologist (D)
  A wolf (D)
  An endoplasm (D)
  3 rats (D)
76 creatures vanquished.

Notes
Turn   | Place    | Note
-------+----------+-------------------------------------------
     0 | D        | Groucho the Spriggan Enchanter began the quest for the Orb.
     0 | D        | Reached XP level 1. HP: 9/9 MP: 5/5
    12 | D        | Reached skill level 5 in Stealth
    45 | D        | Noticed a wolf
    48 | D        | Killed a wolf
    49 | D        | Reached skill level 6 in Stealth
    49 | D        | Reached XP level 2. HP: 13/13 MP: 5/7
    64 | D        | Reached skill level 7 in Stealth
    64 | D        | Reached XP level 3. HP: 16/16 MP: 6/9
    68 | D        | Noticed a water elemental
    71 | D        | Killed a water elemental
    72 | D        | Reached skill level 9 in Stealth
    72 | D        | Reached skill level 5 in Spellcasting
    72 | D        | Reached skill level 5 in Hexes
    72 | D        | Reached XP level 4. HP: 21/21 MP: 7/12
    76 | D        | Found a radiant altar of Vehumet.
    76 | D        | Found a shimmering blue altar of Sif Muna.
    76 | D        | Found an ancient bone altar of Kikubaaqudgha.
    76 | D        | Noticed a wizard
    78 | D        | Killed a wizard
    79 | D        | Reached skill level 10 in Stealth
    81 | D        | Reached XP level 5. HP: 24/24 MP: 9/14
    88 | D        | Found a glowing silver altar of Zin.
    89 | D        | Found a glowing golden altar of the Shining One.
    89 | D        | Found a white marble altar of Elyvilon.
    89 | D        | Noticed a deep elf pyromancer
    91 | D        | Killed a deep elf pyromancer
    92 | D        | Reached skill level 15 in Stealth
    92 | D        | Reached XP level 6. HP: 28/28 MP: 10/18
    92 | D        | Reached XP level 7. HP: 32/32 MP: 11/20
    99 | D        | Found a hide-covered altar of Uskayaw.
    99 | D        | Found an iron altar of Okawaru.
    99 | D        | Found a bloodstained altar of Trog.
    99 | D        | Found an ornate altar of the Wu Jian Council.
    99 | D        | Noticed a human
   100 | D        | Noticed a human
   102 | D        | Killed a human
   103 | D        | Reached skill level 16 in Stealth
   103 | D        | Killed a human
   109 | D        | Found a basalt altar of Yredelemnul.
   109 | D        | Found a shadowy altar of Dithmenos.
   109 | D        | Found a sacrificial altar of Ru.
   112 | D        | Reached skill level 10 in Hexes
   113 | D        | Reached skill level 17 in Stealth
   144 | D        | Became a worshipper of Dithmenos the Shadowed
   157 | D        | Noticed a shadow
   159 | D        | Killed a shadow
   160 | D        | Reached XP level 8. HP: 36/36 MP: 19/22
   197 | D        | Learned a level 2 spell: Ensorcelled Hibernation
   224 | D        | Reached skill level 10 in Spellcasting
   233 | D        | Found a blossoming altar of Fedhas.
   233 | D        | Found a stormy altar of Qazlal.
   244 | D        | Found a snail-covered altar of Cheibriados.
   244 | D        | Found a burning altar of Makhleb.
   244 | D        | Found a hazy altar of Hepliaklqana.
   244 | D        | Found a shimmering altar of Xom.
   244 | D        | Found an opulent altar of Gozag.
   244 | D        | Found a sparkling altar of Nemelex Xobeh.
   244 | D        | Found a corrupted altar of Lugonu.
   244 | D        | Found a viscous altar of Jiyva.
   246 | D        | Reached * piety under Dithmenos
   247 | D        | Reached skill level 1 in Necromancy
   383 | D        | Reached ** piety under Dithmenos
   588 | D        | Noticed a two-headed ogre
   591 | D        | Killed a two-headed ogre
   592 | D        | Reached skill level 5 in Dodging
   595 | D        | Noticed a two-headed ogre
   595 | D        | Noticed Erolcha
   608 | D        | Killed a two-headed ogre
   609 | D        | Reached skill level 5 in Necromancy
   609 | D        | Reached XP level 9. HP: 39/39 MP: 15/25
   638 | D        | Learned a level 3 spell: Confusing Touch
   642 | D        | Learned a level 3 spell: Dazzling Flash
   646 | D        | Learned a level 3 spell: Tukima's Dance
   667 | D        | Killed Erolcha
   668 | D        | Reached skill level 10 in Short Blades
   852 | D        | Reached *** piety under Dithmenos
   864 | D        | Noticed Joseph
   865 | D        | Noticed Harold
   867 | D        | Killed Harold
   868 | D        | Reached XP level 10. HP: 41/44 MP: 21/27
   868 | D        | Killed Joseph
   914 | D        | Reached **** piety under Dithmenos
  1173 | D        | Reached ***** piety under Dithmenos
  1247 | D        | Reached skill level 10 in Dodging
  1314 | D        | Reached ****** piety under Dithmenos
  1462 | D        | Reached skill level 10 in Necromancy
  1728 | D        | Noticed Nellie
  1756 | D        | Noticed a cane toad
  1756 | D        | Noticed a cane toad
  1759 | D        | Killed a cane toad
  1764 | D        | Killed a cane toad
  1993 | D        | Reached XP level 11. HP: 47/47 MP: 29/29
  2310 | D        | Noticed Rupert
  2321 | D        | Killed Rupert
  2509 | D        | Noticed a death yak
  2510 | D        | Noticed a death yak
  2512 | D        | Killed a death yak
  2513 | D        | Noticed an azure jelly
  2513 | D        | Noticed a death yak
  2513 | D        | Noticed an azure jelly
  2513 | D        | Noticed a death yak
  2527 | D        | Killed a death yak
  2528 | D        | Reached skill level 15 in Spellcasting
  2540 | D        | Mangled by a death yak

Illustrated notes

Levels and vault maps discovered:
D:        dungeon_sprint_mu [sprint_mu_entry_cave, sprint_mu_temple_rooms,
          sprint_mu_d1_spiders, sprint_mu_d2_genie, sprint_mu_d3_branching,
          sprint_mu_orc_legion, sprint_mu_elf_gauntlet, sprint_mu_hive_nellie,
          sprint_mu_lair_fedhas, sprint_mu_vaults_butterflies,
          sprint_mu_slime_circle, sprint_mu_swamp_cave, sprint_mu_snake_twists,
          sprint_mu_blade_basic, sprint_mu_crypt_fortress,
          sprint_mu_tomb_spiral, sprint_mu_vestibule_basic,
          sprint_mu_gehenna_hellfire, sprint_mu_dis_giant,
          sprint_mu_tartarus_statrot, sprint_mu_cocytus_islands, sprint_mu_zot1]

Skill      XL: |  1  2  3  4  5  6  7  8  9 10 11 |
---------------+----------------------------------+-----
Stealth        | 6 7 9 10 15 17 | 17.5
Spellcasting   | 3 4 5 8 9 11 12 13 15 | 15.0
Hexes          | 4 5 6 9 10 11 12 14 | 14.0
Short Blades   | 2 3 4 7 8 9 11 12 13 | 13.6
Dodging        | 5 8 11 12 | 12.9
Necromancy     | 5 8 11 12 | 12.7

Action                     |  1- 3 |  4- 6 |  7- 9 | 10-12 || total
---------------------------+-------+-------+-------+-------++-------
  Melee: Dagger            |    16 |     3 |    24 |    80 ||   123
         Punch             |       |       |     1 |     2 ||     3
  Throw: Dart              |       |       |       |     6 ||     6
   Cast: Ensorcelled Hiber |       |       |    15 |    61 ||    76
         Confusing Touch   |       |       |     1 |     5 ||     6
         Dazzling Flash    |       |       |       |     2 ||     2
 Invoke: Shadow Step       |       |       |     1 |     1 ||     2
  Evoke: Wand              |       |       |       |     1 ||     1
    Use: Potion            |     1 |       |       |     3 ||     4
   Stab: Sleeping          |     5 |     3 |    15 |    42 ||    65
         Invisible         |     1 |       |       |     2 ||     3
         Confused          |       |       |     1 |     3 ||     4
 Armour: Robe              |       |       |       |     3 ||     3
  Dodge: Dodged            |     5 |       |    11 |    55 ||    71
